 Dungeon Crawl Stone Soup version 0.28-a0-664-gc179e30c89 (webtiles) character file.

Game seed: 11799771806483158216

0 123 the Caller (level 1, -2/13 HPs)
             Began as a Mummy Summoner on Dec 1, 2020.
             Slain by a hobgoblin (4 damage)
             ... on level 1 of the Dungeon on Oct 15, 2021.
             The game lasted 00:01:29 (47 turns).

123 the Caller (Mummy Summoner)                       Turns: 47, Time: 00:01:30

Health: -2/13      AC:  2    Str: 11    XL:     1   Next: 8%
Magic:  4/4        EV: 12    Int: 14    God:
Gold:   0          SH:  0    Dex: 12    Spells: 4/5 levels left

rFire   x . .      SeeInvis .   (no weapon)
rCold   + . .      Faith    .   (no shield)
rNeg    + + +      Spirit   .   a - +0 robe
rPois   ∞          Reflect  .   (no helmet)
rElec   .          Harm     .   (no cloak)
rCorr   .          Rampage  .   (no gloves)
Will    .....                   (no boots)
Stlth   ++........              (no amulet)
HPRegen 0.04/turn               (no ring)
MPRegen 0.09/turn               (no ring)

@: no status effects
A: cold resistance 1, negative energy resistance 3, torment resistance 2, heat
vulnerability 1, no potions
a: no special abilities


You were on level 1 of the Dungeon.
You visited 1 branch of the dungeon, and saw 1 of its levels.

Inventory:

Armour
 a - a +0 robe (worn)


   Skills:
 + Level 1.5 Dodging
 + Level 1.5 Stealth
 + Level 2.6 Spellcasting
 + Level 3.3 Summonings


You had 4 spell levels left.
You knew the following spells:

 Your Spells              Type           Power      Damage    Failure   Level
a - Summon Small Mammal   Summ           44%        N/A       6%          1

Your spell library contained the following spells:

 Spells                   Type           Power      Damage    Failure   Level
 Call Imp                 Summ           11%        N/A       9%          2
 Call Canine Familiar     Summ           11%        N/A       17%         3
 Summon Guardian Golem    Hex/Summ       6%         N/A       34%         3
 Summon Ice Beast         Ice/Summ       6%         N/A       75%         4
 Summon Lightning Spire   Summ/Air       6%         N/A       75%         4


Dungeon Overview and Level Annotations

Branches:
Dungeon (1/15)

Altars:


Innate Abilities, Weirdness & Mutations

You are immune to poison.
Your flesh is cold resistant. (rC+)
You are immune to negative energy. (rN+++)
You are immune to unholy pain and torment.
You are vulnerable to heat. (rF-)
You do not drink.


Message History

Sorry, I don't know how to traverse that place.
Sorry, I don't know how to traverse that place.
Sorry, I don't know how to traverse that place.
Why would you want to do that?
A nearby plant withers and dies.
You enter the shallow water.
Moving in this stuff is going to be slow.
Why would you want to do that? Why would you want to do that?
You enter the shallow water.
Moving in this stuff is going to be slow.
Why would you want to do that?
Sorry, I don't know how to traverse that place.
Why would you want to do that? Why would you want to do that?
You hit the plant but do no damage.
Your unstable footing causes you to fumble your attack.
You open the large door.
A goblin comes into view. It is wielding a +0 club.
There is a large open door here.
A giant cockroach comes into view.
A bat comes into view.
A hobgoblin and a dart slug come into view.
The bat hits you but does no damage.
You closely miss the bat.
The hobgoblin shouts!
You hear a shout!
The goblin shouts!
The bat barely misses you. The giant cockroach closely misses you.
The dart slug launches a dart at you. The slug dart hits you.
The giant cockroach bites you.
You hit the bat.
You kill the bat!
A kobold comes into view.
The giant cockroach bites you. The giant cockroach bites you.
You barely miss the hobgoblin. The giant cockroach closely misses you.
The hobgoblin hits you with a +0 club.
* * * LOW HITPOINT WARNING * * *
You hit the hobgoblin but do no damage. The giant cockroach closely misses you.
The hobgoblin hits you with a +0 club.
You die...

#...# #...###..
#........
#.#.#....#.
#g#.#...... #.#..
...# #.###...##.
#g###......
#.B@gK..#
...w...######....
..#.##. # #. #.
##


You could see a dart slug, a giant cockroach, a hobgoblin, a goblin and a
kobold.

Vanquished Creatures
  A bat (D:1)
1 creature vanquished.

Vanquished Creatures (others)
  A plant (D:1)
1 creature vanquished.

Grand Total: 2 creatures vanquished

Notes
Turn   | Place    | Note
-------+----------+-------------------------------------------
     0 | D:1      | 123 the Mummy Summoner began the quest for the Orb.
     0 | D:1      | Reached XP level 1. HP: 13/13 MP: 4/4
     0 | D:1      | Upgraded the game from 0.26-a0-812-g31a745ddcd to
                  | 0.27-a0-40-g5f2be0e231
     0 | D:1      | Upgraded the game from 0.27-a0-40-g5f2be0e231 to
                  | 0.28-a0-664-gc179e30c89
    47 | D:1      | Slain by a hobgoblin

Illustrated notes

Levels and vault maps discovered:
D:1:      lightli_arrival_windingriver, layout_loops_cross,
          chequers_serial_rivers_small_b

Action                   || total
-------------------------++-------
Melee: Unarmed           ||     7
Armor: Robe              ||     1
Dodge: Dodged            ||     4

Table legend: (Time is in decaauts)
 A = Elapsed time spent in this place.
 B = Non-inter-level travel time spent in this place.
 C = Inter-level travel time spent in this place.
 D = Time resting spent in this place.
 E = Time spent auto-exploring this place.
 F = Levels seen in this place.
 G = Mean time per level.
                   A        B        C        D        E       F      G
               +--------+--------+--------+--------+--------+-----+--------+
         Total |     55 |     50 |      5 |      0 |      0 |   1 |   55.0 |
       Dungeon |     55 |     50 |      5 |      0 |      0 |   1 |   55.0 |
               +--------+--------+--------+--------+--------+-----+--------+

Top non-repeatable levels by time:
     D:1: 55 daAuts
